 Dungeon Crawl Stone Soup version 0.29.0-4-gdea44cf6ec (webtiles) character file.

Game seed: 10729933385808500444

25 qw the Chopper (level 3, 0/21 HPs)
             Began as a Tengu Warper on Aug 28, 2022.
             Succumbed to their own poison gas
             ... on level 1 of the Dungeon.
             The game lasted 00:00:05 (755 turns).

qw the Chopper (Tengu Warper)                        Turns: 755, Time: 00:00:05

Health: 0/21       AC:  7    Str: 13    XL:     3   Next: 6%
Magic:  7/7        EV: 12    Int: 13    God:
Gold:   93         SH:  0    Dex: 13    Spells: 6/6 levels left

rFire   . . .      SeeInvis .   Y - +0 hand axe
rCold   . . .      Faith    .   (no shield)
rNeg    . . .      Spirit   .   b - +0 leather armour
rPois   .          Reflect  .   (helmet restricted)
rElec   .          Harm     .   (no cloak)
rCorr   .          Rampage  .   (no gloves)
Will    .....                   (boots unavailable)
Stlth   +.........              (no amulet)
HPRegen 0.07/turn               j - +4 ring of protection
MPRegen 0.10/turn               (no ring)

@: lethally poisoned (0 -> -5)
A: beak, talons 3
a: no special abilities


You were on level 1 of the Dungeon.
You visited 1 branch of the dungeon, and saw 1 of its levels.

You collected 93 gold pieces.


Innate Abilities, Weirdness & Mutations

You have a beak for a mouth.
You have claws for feet.


   Skills:
 - Level 2.0 Fighting
 + Level 3.8 Axes
 - Level 1.0 Throwing
 - Level 1.1 Armour
 - Level 2.1 Dodging
 - Level 2.0 Spellcasting
 - Level 2.4 Translocations


You had 6 spell levels left.
You didn't know any spells.
Your spell library contained the following spells:

 Spells                   Type           Power      Damage    Failure   Level
 Blink                    Tloc           14%        N/A       19%         2
 Gell's Gravitas          Tloc           7%         N/A       36%         3
 Lesser Beckoning         Tloc           7%         N/A       36%         3
 Teleport Other           Tloc           7%         N/A       36%         3
 Manifold Assault         Tloc           7%         N/A       98%         5

Inventory:

Hand Weapons
 d - a +0 club
 Y - a +0 hand axe (weapon)
Armour
 b - a +0 leather armour (worn)
Jewellery
 j - a +4 ring of protection (left hand)
Potions
 k - a potion of brilliance {unknown}

Dungeon Overview and Level Annotations

Branches:
Dungeon (1/15)

Altars:


Message History

As you read the scroll labelled NESCHU XUSUXO, it crumbles to dust.
You feel strangely unstable.
It was a scroll of teleportation.
You start waiting.
Your surroundings suddenly seem different.
Done exploring.
746 ||| READING scroll labelled DESOSAEDIY.
The air fills with toxic fumes!
As you read the scroll labelled DESOSAEDIY, it crumbles to dust.
It was a scroll of poison.
Done exploring.
747 ||| READING scroll labelled BUEHUNTOMM.
As you read the scroll labelled BUEHUNTOMM, it crumbles to dust.
It is a scroll of identify.
Really abort (and waste the scroll)?
Done exploring.
748 ||| DROPPING scroll of blinking.
You drop a scroll of blinking.
Done exploring.
(D) Dungeon
Where to? (* - list waypoints, ? - help)
What level of the Dungeon? (default 1, ? - help) Sorry, I don't know how to get there.
Done exploring.
749 ||| Stepping randomly (stuck).
Really walk into that cloud of poison gas?
You are engulfed in poison gas.
You are lethally poisoned!
You feel very sick.
750 ||| Stepping ~*~*~tactically~*~*~ (cloud).
You feel very sick.
You see here a scroll of blinking.
There is a lethal amount of poison in your body!
You feel very sick.
There is a lethal amount of poison in your body!
You feel sick.
There is a lethal amount of poison in your body!
You feel sick.
There is a lethal amount of poison in your body!
You feel sick.
There is a lethal amount of poison in your body!
You die...

########.....##..### ##.#
.........#####...# #..#
.######.## #....# #.## .## #.##
##...## #.# ..#####..###...###
#.# ......(.........0# ##.#
###############.0# ##..#
#........0¤0¤¤##0## ##.%######
.......}.¤¤¤¤¤00@¤#####...)#...##
.........000¤¤¤¤¤00¤##..........#
..}......¤¤¤¤¤00¤¤¤¤¤##..........
.........0¤000¤00¤¤¤0¤#..........
.......<.¤000¤¤¤¤¤0¤¤0#..........
.........¤00¤0¤¤¤0¤0¤¤#.........#
..}......¤¤0000¤0¤0¤0###...#...##
.........0¤000¤00¤¤¤## #########
.......}..........###


There were no monsters in sight!

Vanquished Creatures
  2 ball pythons (D:1)
  5 bats (D:1)
  3 endoplasms (D:1)
  4 goblins (D:1)
  4 hobgoblins (D:1)
  2 frilled lizards (D:1)
  A kobold (D:1)
  2 rats (D:1)
23 creatures vanquished.

Notes
Turn   | Place    | Note
-------+----------+-------------------------------------------
     0 | D:1      | qw the Tengu Warper began the quest for the Orb.
     0 | D:1      | Reached XP level 1. HP: 12/12 MP: 4/4
     0 | D:1      | 0 ||| qw: Version: 0.1-a-89-g26bdef1
     0 | D:1      | 0 ||| qw: Game counter: 2406
     0 | D:1      | 0 ||| qw: Always use a shield: true
     0 | D:1      | 0 ||| qw: God list: Okawaru
     0 | D:1      | 0 ||| qw: Allow faded altars: false
     0 | D:1      | 0 ||| qw: Do Orc after D:15 true
     0 | D:1      | 0 ||| qw: Do second Lair branch before Depths: true
     0 | D:1      | 0 ||| qw: Lair rune preference: random
     0 | D:1      | 0 ||| qw: Plans: Normal
     0 | D:1      | 0 ||| PLANNING D:1-11
    69 | D:1      | Reached XP level 2. HP: 12/17 MP: 6/6
   140 | D:1      | 140 ||| Stepping ~*~*~tactically~*~*~ (stealth).
   147 | D:1      | 147 ||| Stepping ~*~*~tactically~*~*~ (stealth).
   185 | D:1      | 185 ||| Stepping ~*~*~tactically~*~*~ (stealth).
   189 | D:1      | 189 ||| Stepping ~*~*~tactically~*~*~ (stealth).
   191 | D:1      | Reached skill level 3 in Axes
   259 | D:1      | 259 ||| Stepping ~*~*~tactically~*~*~ (stealth).
   267 | D:1      | 267 ||| Stepping ~*~*~tactically~*~*~ (stealth).
   298 | D:1      | 298 ||| Stepping ~*~*~tactically~*~*~ (stealth).
   660 | D:1      | Reached XP level 3. HP: 20/21 MP: 7/7
   739 | D:1      | 739 ||| UPGRADING to +4 ring of protection.
   740 | D:1      | 740 ||| DROPPING ring of magical power.
   741 | D:1      | 741 ||| READING scroll labelled QYUSHE PYGAO.
   742 | D:1      | 742 ||| READING scroll labelled KEMUOF XOFREACAW.
   743 | D:1      | 743 ||| READING scroll labelled NESCHU XUSUXO.
   746 | D:1      | 746 ||| READING scroll labelled DESOSAEDIY.
   747 | D:1      | 747 ||| READING scroll labelled BUEHUNTOMM.
   748 | D:1      | 748 ||| DROPPING scroll of blinking.
   749 | D:1      | 749 ||| Stepping randomly (stuck).
   750 | D:1      | 750 ||| Stepping ~*~*~tactically~*~*~ (cloud).
   752 | D:1      | HP: 5/21 [poisoned by you (poison gas)]
   754 | D:1      | HP: 2/21 [poisoned by you (poison gas)]
   755 | D:1      | Succumbed to their own poison gas

Levels and vault maps discovered:
D:1:      dpeg_arrival_water_temple_mockup, layout_rooms,
          minmay_misc_feat_ornament

Skill      XL: |  1  2 |
---------------+-------+-----
Axes           | 3 |  3.8
Fighting       | |  2.0
Throwing       | |  1.0
Armour         | |  1.1
Dodging        | |  2.1
Spellcasting   | |  2.0
Translocations | |  2.4

Action                   || total
-------------------------++-------
Melee: Hand axe          ||    31
       Kick              ||     5
       Peck              ||     4
Throw: Boomerang         ||     7
  Use: Scroll            ||     5
Armor: Leather armour    ||     8
Dodge: Dodged            ||    19

Table legend:
 A = Non-vault XP
 B = Vault XP
 C = Vault XP percentage of total XP
 D = Non-vault monster count
 E = Vault monster count
 F = Vault count percentage of total count
                 A         B        C        D         E       F
            +---------+---------+-------+---------+---------+-------
      Total |      37 |       0 |   0.0 |      23 |       0 |   0.0
            +---------+---------+-------+---------+---------+-------
        D:1 |      37 |       0 |   0.0 |      23 |       0 |   0.0
            +---------+---------+-------+---------+---------+-------
